Map: Elysium

Players

Gracz

  • Race: Protoss Protoss
  • League: Bronze
  • Spawn Location: 6:00

Saiko

  • Race: Protoss Protoss
  • Spawn Location: 3:00

HAJPER

  • Race: Terran Terran
  • Spawn Location: 11:00

VOD

Have the link to the VOD?

Description

Time

  • Played on: Sept. 17, 2016, 3:33 p.m.
  • Length: 9:28
Show
View Real Time Build Order
Export as new Build Order

Gracz Protoss 

Build Orders:  

Get SALT Encoding   

  12  0:05  Probe (Chrono Boost)  
  13  0:22  Pylon  
  13  0:25  Assimilator  
  13  0:30  Probe (Chrono Boost)  
  14  0:51  Probe (Chrono Boost)  
  15  1:01  Probe (Chrono Boost)  
  16  1:08  Pylon  
  16  1:12  Probe (Chrono Boost)  
  17  1:22  Probe (Chrono Boost)  
  18  1:33  Nexus, Probe (Chrono Boost)  
  19  1:45  Gateway  
  19  1:55  Probe (Chrono Boost)  
  20  2:05  Probe (Chrono Boost)  
  21  2:08  Gateway  
  21  2:16  Probe (Chrono Boost)  
  22  2:26  Probe (Chrono Boost)  
  23  2:32  Zealot  
  24  2:37  Probe (Chrono Boost)  
  25  2:44  Cybernetics Core  
  25  2:48  Gateway  
  25  2:51  Probe (Chrono Boost)  
  25  2:52  Probe (Chrono Boost)  
  27  2:59  Zealot  
  27  3:02  Probe (Chrono Boost)  
  30  3:43  Warp Gate  
  30  3:51  Probe x2 (Chrono Boost)  
  30  3:57  Assimilator  
  30  4:02  Probe (Chrono Boost), Gateway  
  32  4:04  Probe (Chrono Boost)  
  32  4:22  Sentry  
  34  4:29  Stargate  
  34  4:30  Stargate  
  34  4:32  Robotics Facility  
  32  4:55  Probe (Chrono Boost)  
  32  4:56  Probe (Chrono Boost)  
  34  5:05  Probe (Chrono Boost)  
  36  5:08  Probe (Chrono Boost)  
  36  5:19  Assimilator  
  36  5:20  Pylon  
  38  5:21  Assimilator  
  38  5:22  Mothership Core (Chrono Boost)  
  38  5:23  Pylon  
  38  5:35  Pylon  
  38  5:38  Pylon  
  38  5:42  Pylon  
  38  5:45  Pylon  
  38  5:49  Pylon  
  38  5:51  Void Ray x2  
  38  5:53  Pylon  
  38  5:56  Pylon  
  46  6:00  Pylon  
  46  6:04  Pylon, Gateway  
  46  6:05  Gateway  
  46  6:07  Pylon  
  46  6:08  Gateway  
  46  6:27  Stalker x2  
  46  6:28  Stalker x2  
  34  6:58  Stargate  
  33  7:03  Stargate  
  33  7:15  Forge  
  33  7:16  Forge  
  33  7:22  Stalker x3  
  39  7:23  Stalker x2  
  43  7:33  Robotics Facility  
  38  7:47  Stalker x2  
  38  7:48  Stalker  
  35  8:00  Stalker  
  35  8:01  Stalker  
  27  8:11  Zealot x2  
  27  8:12  Zealot  
  31  8:25  Stalker x2  
  27  8:33  Stalker  
  21  8:48  Stalker  
  2  9:10  Stalker  
Show
View Real Time Build Order
Export as new Build Order

Saiko Protoss 

Build Orders:  

Get SALT Encoding   

  12  0:48  Probe (Chrono Boost)  
  13  0:59  Probe (Chrono Boost)  
  14  1:09  Assimilator, Probe (Chrono Boost)  
  15  1:13  Assimilator  
  15  1:20  Pylon  
  15  1:38  Probe (Chrono Boost)  
  16  1:49  Probe (Chrono Boost)  
  16  1:50  Gateway  
  17  1:57  Forge  
  17  2:23  Probe (Chrono Boost)  
  18  2:33  Pylon, Probe (Chrono Boost)  
  19  2:41  Cybernetics Core  
  20  2:44  Probe (Chrono Boost)  
  20  2:54  Probe (Chrono Boost)  
  21  3:04  Zealot  
  21  3:05  Probe (Chrono Boost)  
  24  3:10  Protoss Ground Weapons Level 1  
  24  3:19  Warp Gate  
  24  3:31  Zealot  
  26  3:58  Zealot  
  28  4:22  Gateway  
  28  4:25  Zealot  
  28  4:30  Stargate  
  30  5:27  Pylon  
  30  5:45  Stalker, Zealot  
  34  6:00  Void Ray  
  38  6:27  Assimilator  
  38  6:34  Assimilator  
  38  6:39  Protoss Air Weapons Level 1  
  38  7:14  Probe (Chrono Boost)  
  39  7:47  Pylon  
  39  7:52  Pylon  
  39  8:05  Stalker, Void Ray  
  46  8:07  Probe (Chrono Boost)  
  46  8:10  Stalker  
  48  8:19  Probe (Chrono Boost)  
  49  8:31  Probe (Chrono Boost)  
  50  8:35  Stalker  
  50  8:40  Stalker  
  54  8:43  Probe (Chrono Boost)  
  55  8:55  Pylon  
  55  8:59  Pylon  
Show
View Real Time Build Order
Export as new Build Order

HAJPER Terran 

Build Orders: Reaper Expand, MMM Bio 

Get SALT Encoding   

  12  0:01  SCV  
  13  0:15  SCV  
  13  0:19  Supply Depot  
  14  0:36  SCV  
  14  0:42  Barracks  
  15  0:47  Refinery  
  15  0:48  SCV  
  16  1:00  SCV  
  17  1:18  SCV  
  18  1:31  Orbital Command  
  18  1:40  Reaper  
  19  2:03  Supply Depot  
  19  2:09  Command Center  
  19  2:37  Barracks Tech Lab  
  19  2:46  Barracks  
  19  2:47  Barracks  
  19  2:58  Refinery  
  19  3:02  Reaper  
  19  3:13  Stimpack  
  19  3:18  SCV  
  20  3:22  SCV  
  21  3:30  SCV  
  21  3:33  Marine  
  23  3:34  SCV  
  22  3:42  SCV  
  22  3:46  SCV  
  23  3:51  Marine  
  23  3:54  SCV  
  25  3:58  SCV  
  26  4:08  SCV  
  26  4:09  Marine  
  28  4:10  Barracks Reactor  
  28  4:11  Barracks Tech Lab  
  28  4:15  SCV  
  29  4:20  SCV  
  30  4:27  Marine  
  30  4:28  SCV  
  30  4:29  Marine  
  33  4:40  SCV  
  33  4:45  Marine  
  35  4:47  Marauder  
  37  4:52  SCV  
  37  4:55  Marine x2  
  39  5:09  Marauder  
  39  5:13  Marine x2  
  43  5:18  Marauder  
  45  5:31  Marine  
  46  5:37  Marine  
  46  5:38  Supply Depot, Marauder  
  46  5:39  Marauder  
  51  5:49  Marine  
  52  5:51  Combat Shields  
  52  5:55  Marine  
  53  5:57  Factory  
  53  6:00  Marauder  
  53  6:01  Marauder  
  57  6:06  Marine  
  58  6:12  Supply Depot  
  58  6:13  Marine  
  59  6:21  Marauder  
  59  6:22  Marine  
  62  6:29  Marine  
  61  7:05  Marauder  
  61  7:06  Marine x2, Marauder  
  67  7:12  Starport  
  67  7:24  Marine x2  
  69  7:36  Marauder x2  
  73  7:41  Marine  
  73  7:42  Marine  
  74  7:58  Marauder x2  
  78  7:59  Marine x2  
  80  8:19  Marauder  
Tags
 
Add a new tag
Caveats
  • Supply blocks, unpowered buildings, or Contaminate may cause inaccurate times.
  • Supply counts are checked every 10 seconds.